AoeStats
← Pet Wussy

Golden Pit

510157506Analyzed
1v1 RM · 4d ago on Sep 29, 2026· 57m 3s· 2 players
Game mode
Random Map
Map size
Tiny (2 player)
Population
200
Speed
Normal
Resources
Standard
Victory
Conquest
Starting age
Dark Age
Ending age
Imperial Age
RankedLock teamsTeams togetherTeam positionsShared explorationLock speedFull tech treeHidden civsTurbo modeCheats
Victory
Defeat
🇩🇰 Bulgarians · Denmark
841
+16
🇵🇪 Lithuanians · Peru
850
-16
Pet Wussy
12:20 Feudal Age
14:25 Double-Bit Axe
15:13 Horse Collar
21:15 Castle Age
19:52 Scale Mail Armor
21:52 Forging
23:31 Gold Mining
24:52 Squires
24:39 Gambesons
25:33 Iron Casting
25:41 Bow Saw
27:08 Arson
28:40 Wheelbarrow
28:38 Heavy Plow
29:40 Loom
30:04 Stone Mining
31:07 Town Watch
37:58 Imperial Age
42:10 Conscription
43:37 Hand Cart
43:46 Cavalier
47:40 Bagains
50:31 Blast Furnace
55:42 Chemistry
55:06 Stirrups
55:30 Bloodlines
57:31 Chain Mail Armor
fadul2105
10:08 Feudal Age
12:45 Loom
14:08 Double-Bit Axe
18:06 Castle Age
18:08 Bloodlines
23:55 Forging
27:24 Wheelbarrow
28:50 Husbandry
30:17 Scale Barding Armor
31:45 Bow Saw
31:56 Hand Cart
40:07 Chain Barding Armor
44:05 Imperial Age
41:32 Gold Mining
41:39 Stone Mining
43:46 Iron Casting
44:01 Treadmill Crane
44:16 Elite Leitis
50:09 Chemistry
49:36 Town Watch
50:57 Plate Barding Armor
53:28 Conscription
55:25 Two-Man Saw
Connection lost

Rejoining the realm…

Still unreachable

The connection could not be restored.

Session expired

The server has moved on; the page needs a fresh start.